 Dungeon Crawl Stone Soup version 0.16-b1 (webtiles) character file.

26727 asthiss the Bludgeoner (level 13, -2/113 HPs)
             Began as a Minotaur Berserker on Mar 15, 2015.
             Was an Elder of Trog.
             Slain by a komodo dragon (6 damage)
             ... on level 5 of the Lair of Beasts.
             The game lasted 01:58:00 (18105 turns).

asthiss the Bludgeoner (Minotaur Berserker)        Turns: 18105, Time: 01:58:00

Health: -2/113     AC: 12    Str: 28    XL:     13   Next: 0%
Magic:  5/5        EV: 15    Int:  4    God:    Trog [****..]
Gold:   726        SH:  0    Dex:  9    Spells: 0 memorised, 12 levels left

rFire  . . .     SeeInvis .     K - +3 battleaxe
rCold  . . .     Clarity  .     l - +1 scale mail {MR+}
rNeg   . . .     SustAb   +     (no shield)
rPois  .         Gourm    .     (helmet restricted)
rElec  .         Spirit   .     (no cloak)
rCorr  .         Warding  .     y - +1 pair of gloves
rMut   .         Stasis   .     (no boots)
MR     +++..                    (no amulet)
Stlth  +.........               a - ring of stealth
                                p - ring of sustain abilities

@: very slightly contaminated, regenerating, extremely resistant to hostile
enchantments, very unstealthy
A: retaliatory headbutt, horns 2
a: Burn Spellbooks, Berserk, Trog's Hand, Brothers in Arms, Renounce Religion


You were on level 5 of the Lair of Beasts.
You worshipped Trog.
Trog was greatly pleased with you.
You were not hungry.

You visited 2 branches of the dungeon, and saw 15 of its levels.
You also visited: Labyrinth.

You collected 726 gold pieces.

Inventory:

Hand weapons
 i - a +1 vampiric hand axe
 n - a +2 dire flail of draining
 v - a +4 antimagic great mace
 K - a +3 battleaxe (weapon)
 U - a +0 war axe of chopping
Missiles
 M - 2 tomahawks
 P - 4 javelins of returning (quivered)
Armour
 k - a +0 leather armour of fire resistance
 l - a +1 scale mail of magic resistance (worn)
 y - a +1 pair of gloves (worn)
 C - a +2 plate armour
 H - a +0 pair of boots
Jewellery
 a - a ring of stealth (right hand)
 o - an uncursed amulet of stasis
 p - a ring of sustain abilities (left hand)
 w - an uncursed ring of ice
 W - an uncursed ring of flight
Magical devices
 f - a wand of lightning (0)
 h - a wand of confusion (18)
 J - a wand of fire (3)
 N - a wand of frost (22)
 O - a wand of teleportation (5)
 T - a wand of fireball (3)
 V - a wand of digging (15)
Scrolls
 g - a scroll of fear
 q - 6 scrolls of teleportation
 s - a scroll of magic mapping
 t - a scroll of blinking
 z - a scroll of identify
 B - 2 scrolls of recharging
 X - a scroll of remove curse
 Y - 2 scrolls of fog
Potions
 b - a potion of flight {unknown}
 c - 2 potions of restore abilities {unknown}
 d - a potion of agility
 e - 9 potions of curing
 j - 2 potions of degeneration {unknown}
 m - a potion of beneficial mutation {unknown}
 r - 2 potions of brilliance {unknown}
 u - a potion of magic {unknown}
 x - 3 potions of haste
 E - 2 potions of resistance
 I - 2 potions of poison {unknown}
 L - a potion of cure mutation {unknown}
 S - a potion of mutation {unknown}
Miscellaneous
 F - 2 phantom mirrors
 Q - a crystal ball of energy
 R - an ornate deck of wonders
Comestibles
 A - 47 fruits
 D - 10 slices of pizza
 G - a royal jelly


   Skills:
 - Level 10.0 Fighting
 * Level 6.4(11.9) Axes
 - Level 15.2(15.6) Maces & Flails
 + Level 4.4 Throwing
 + Level 11.2 Armour
 + Level 12.3 Dodging


You had 12 spell levels left.
You didn't know any spells.

Dungeon Overview and Level Annotations

Branches:
Dungeon (10/15)            Temple (0/1) D:5            Lair (5/8) D:10
 Spider (0/5) Lair:5          Orc (0/4) D:9
  Swamp: Lair:3-6    Shoals: Lair:3-6

Altars:
Ashenzari
Elyvilon
Fedhas
Gozag
Kikubaaqudgha
Okawaru
Qazlal
Ru
Trog
Vehumet
Xom
Yredelemnul
The Shining One

Shops:
D:10 }


Innate Abilities, Weirdness & Mutations

You reflexively headbutt those who attack you in melee.
You have a pair of horns on your head.


Message History

You start resting.
The quokka closely misses you. You furiously retaliate!
You headbutt the quokka!
You kill the quokka!
Trog accepts your kill.
You start resting.
The komodo dragon barely misses you.
You completely miss the komodo dragon. Your headbutt misses the komodo dragon.
The komodo dragon bites you!!
* * * LOW HITPOINT WARNING * * *
You hit the komodo dragon but do no damage.
The komodo dragon barely misses you. You furiously retaliate!
You headbutt the komodo dragon.
The komodo dragon completely misses you.
You furiously retaliate!
You headbutt the komodo dragon!
Use which ability? (? or * to list)
Your skin crawls.
You feel resistant to hostile enchantments.
You feel slightly more hungry. The komodo dragon bites you.
You die...

.......P.#
#.......##
#..[.....#
#........## ##
#........#... #P.
#####.P.....$...
#..#...#........###
#.#.....l.##....l..
.#......@#. #..r...
#....⌠...+ ......
........(# #....
......### P..
⌠%..## .. .... ..


You could see a komodo dragon.

Vanquished Creatures
  Maud (Lair:4)
  A minotaur (Lab)
  A hydra (D:8)
  A hill giant (D:10)
  Joseph (Lair:1)
  5 spiny frogs
  A queen ant (Lair:4)
  4 elephants (Lair:3)
  2 black mambas
  2 komodo dragons
  A fire drake (Lair:3)
  A shadow (Lab)
  A wyvern (D:8)
  2 basilisks
  10 blink frogs
  19 yaks
  A deep elf mage (D:10)
  4 hungry ghosts
  The ghost of Swippen the Insei, an average HuMo of Fedhas (D:3)
  4 hippogriffs
  12 wolves
  7 water moccasins
  An orc warrior (D:7)
  7 soldier ants (Lair:4)
  7 porcupines
  10 sky beasts
  2 ice beasts
  7 necrophages
  6 centaurs
  A black bear (Lair:1)
  3 ogres
  A wasp (D:9)
  A phantom (D:7)
  4 crocodiles (Lair:1)
  5 big kobolds
  2 wyvern zombies
  A wyvern skeleton (D:9)
  3 giant frogs
  10 killer bees
  5 scorpions
  11 wights
  3 crimson imps
  4 goliath beetles
  2 hounds
  A centaur zombie (D:9)
  2 orc priests (D:9)
  2 jellies
  4 giant frog zombies
  A centaur skeleton (D:4)
  Natasha (thrice) (D:6)
  5 iguanas
  26 worker ants
  2 sheep (D:8)
  8 orc wizards
  A killer bee zombie (D:7)
  Ijyb (D:2)
  Jessica (D:2)
  A hound zombie (D:8)
  4 mummies
  A hound skeleton (D:4)
  Terence (D:2)
  A gnoll (D:5)
  17 river rats
  27 adders
  A giant mite (D:1)
  A worm (D:3)
  An adder zombie (D:5)
  4 adder skeletons
  3 giant geckos
  An ooze (D:2)
  38 orcs
  18 bats
  2 bat skeletons
  10 giant cockroaches
  11 goblins
  23 hobgoblins
  17 jackals
  43 kobolds
  13 quokkas
  3 ball pythons
  10 giant newts
  A jackal skeleton (D:5)
  A quokka zombie (D:8)
  16 rats
  3 plants
507 creatures vanquished.

Vanquished Creatures (collateral kills)
  Fannar (Lair:3)
  2 spiny frogs (Lair:3)
  3 blink frogs (Lair:1)
  3 yaks (Lair:2)
  Grum (D:10)
  2 orc warriors
  2 ice beasts (Lair:3)
  A wyvern zombie (D:5)
  A scorpion (D:8)
  A crimson imp (D:8)
  2 orc wizards (D:9)
  2 iguanas
  3 gnolls (D:5)
  8 orcs
32 creatures vanquished.

Vanquished Creatures (others)
  A two-headed ogre (Lair:3)
  4 ogres
  An orc (D:4)
  A plant (D:10)
7 creatures vanquished.

Grand Total: 546 creatures vanquished

Notes
Turn   | Place    | Note
--------------------------------------------------------------
     0 | D:1      | asthiss, the Minotaur Berserker, began the quest for the Orb.
     0 | D:1      | Reached XP level 1. HP: 19/19 MP: 1/1
   124 | D:1      | Reached skill level 4 in Maces & Flails
   158 | D:1      | Reached XP level 2. HP: 4/26 MP: 1/1
   669 | D:1      | Acquired Trog's second power
   703 | D:1      | Reached skill level 5 in Maces & Flails
   758 | D:1      | Reached XP level 3. HP: 21/31 MP: 2/2
  1155 | D:2      | Found a shimmering altar of Xom.
  1193 | D:2      | Noticed Terence
  1203 | D:2      | Killed Terence
  1434 | D:2      | Reached skill level 6 in Maces & Flails
  1434 | D:2      | Reached XP level 4. HP: 23/39 MP: 2/2
  1604 | D:2      | Noticed Ijyb
  1614 | D:2      | Killed Ijyb
  1690 | D:2      | Noticed Jessica
  1720 | D:2      | Killed Jessica
  2134 | D:2      | Found an opulent altar of Gozag.
  2252 | D:2      | Reached XP level 5. HP: 45/45 MP: 2/2
  2446 | D:3      | Noticed Swippen's ghost (average HuMo)
  2455 | D:3      | Reached skill level 7 in Maces & Flails
  2461 | D:3      | Killed Swippen's ghost
  2461 | D:3      | Reached skill level 8 in Maces & Flails
  2461 | D:3      | Reached XP level 6. HP: 39/51 MP: 3/3
  2694 | D:3      | Found a white marble altar of Elyvilon.
  3154 | D:4      | Received a gift from Trog
  3261 | D:4      | Reached skill level 9 in Maces & Flails
  3502 | D:4      | Acquired Trog's third power
  3638 | D:4      | Found a radiant altar of Vehumet.
  3639 | D:4      | Found a basalt altar of Yredelemnul.
  3935 | D:4      | Got a sapphire-encrusted leather armour
  3964 | D:4      | Identified the cursed -7 leather armour of Space {rPois rF- rC++ Int-3 Dex+3} (You found it on level 4 of the Dungeon)
  4001 | D:4      | HP: 2/51 [centaur (1)]
  4373 | D:4      | Reached XP level 7. HP: 33/57 MP: 3/3
  4813 | D:4      | Reached skill level 10 in Maces & Flails
  4991 | D:5      | Entered Level 5 of the Dungeon
  5393 | D:5      | Reached XP level 8. HP: 16/66 MP: 3/3
  5724 | D:5      | Found a stormy altar of Qazlal.
  6416 | D:5      | Found a staircase to the Ecumenical Temple.
  6499 | D:6      | Reached skill level 11 in Maces & Flails
  6858 | D:6      | Found a bloodstained altar of Trog.
  6888 | D:6      | Reached skill level 5 in Dodging
  7077 | D:6      | Noticed Natasha
  7082 | D:6      | Killed Natasha
  7145 | D:6      | Reached skill level 5 in Fighting
  7180 | D:6      | Noticed Natasha
  7184 | D:6      | Killed Natasha
  7194 | D:6      | Found a shattered altar of Ashenzari.
  7277 | D:6      | Found an ancient bone altar of Kikubaaqudgha.
  7299 | D:6      | Found a sacrificial altar of Ru.
  7300 | D:6      | Found a glowing golden altar of the Shining One.
  7328 | D:6      | Noticed Natasha
  7329 | D:6      | Killed Natasha
  7694 | D:6      | Received a gift from Trog
  7839 | D:7      | Found a bloodstained altar of Trog.
  7856 | D:7      | Reached XP level 9. HP: 45/74 MP: 1/4
  7927 | D:7      | Reached skill level 5 in Armour
  8085 | D:7      | Found an iron altar of Okawaru.
  8231 | D:7      | Reached skill level 12 in Maces & Flails
  8907 | D:8      | Reached XP level 10. HP: 79/84 MP: 1/4
  9199 | D:8      | Reached skill level 13 in Maces & Flails
  9201 | D:8      | Received a gift from Trog
  9222 | D:8      | Noticed a two-headed hydra
  9232 | D:8      | Killed a two-headed hydra
  9529 | D:9      | Found a staircase to the Orcish Mines.
  9930 | D:9      | Reached XP level 11. HP: 57/94 MP: 4/4
 10249 | D:9      | Reached skill level 14 in Maces & Flails
 10301 | D:9      | Found a blossoming altar of Fedhas.
 10314 | D:9      | Received a gift from Trog
 10661 | D:10     | Entered Level 10 of the Dungeon
 10769 | D:10     | Reached skill level 10 in Dodging
 10803 | D:10     | Noticed a hill giant
 10819 | D:10     | Killed a hill giant
 11031 | D:10     | Found Waesar's Gadget Shoppe.
 11066 | D:10     | Noticed Grum
 11084 | D:10     | Killed Grum
 11397 | D:10     | Found a staircase to the Lair.
 11484 | Lair:1   | Entered Level 1 of the Lair of Beasts
 11484 | Lair:1   | Noticed Joseph
 11500 | Lair:1   | Killed Joseph
 11697 | Lair:1   | Reached skill level 1 in Throwing
 12836 | Lair:2   | Reached skill level 15 in Maces & Flails
 12950 | Lair:2   | Reached XP level 12. HP: 101/104 MP: 5/5
 13863 | Lair:3   | Found a labyrinth entrance.
 13900 | Lab      | Entered a labyrinth
 14444 | Lab      | Reached skill level 1 in Axes
 14444 | Lab      | Reached skill level 10 in Armour
 14527 | Lab      | Noticed a minotaur
 14546 | Lab      | Killed a minotaur
 14848 | Lair:3   | Noticed Fannar
 14874 | Lair:3   | Killed Fannar
 16599 | Lair:4   | Noticed Maud
 16610 | Lair:4   | Killed Maud
 16610 | Lair:4   | Reached skill level 10 in Fighting
 16610 | Lair:4   | Reached skill level 5 in Axes
 16632 | Lair:4   | Received a gift from Trog
 18092 | Lair:5   | Reached XP level 13. HP: 30/113 MP: 5/5
 18093 | Lair:5   | Found a hole to the Spider Nest.
 18103 | Lair:5   | HP: 3/113 [komodo dragon (19)]
 18105 | Lair:5   | Slain by a komodo dragon

Action                   |  1- 3 |  4- 6 |  7- 9 | 10-12 | 13-15 || total
-------------------------+-------+-------+-------+-------+-------++-------
Melee: Mace              |    83 |   177 |   197 |       |       ||   457
       Great mace        |       |       |   125 |    42 |       ||   167
       Dire flail        |       |       |       |   616 |       ||   616
       Hand axe          |       |       |       |   122 |       ||   122
       Battleaxe         |       |       |       |    98 |     4 ||   102
       War axe           |       |       |       |    27 |       ||    27
Throw: Tomahawk          |       |       |       |     6 |       ||     6
       Javelin           |       |       |       |     4 |       ||     4
Invok: Berserk           |       |     2 |     3 |     1 |       ||     6
       Trog's Hand       |       |     2 |     4 |    21 |     1 ||    28
       Brothers in Arms  |       |       |     1 |    13 |       ||    14
       Burn Spellbooks   |       |       |       |     2 |       ||     2
  Use: Scroll            |     3 |     9 |     7 |    16 |     2 ||    37
       Potion            |       |       |       |     5 |       ||     5
 Stab: Distracted        |       |       |       |     1 |       ||     1
  Eat: Bread ration      |     1 |     1 |     3 |     4 |       ||     9
       Fruit             |       |     3 |     4 |       |       ||     7
       Beef jerky        |       |     1 |       |     1 |       ||     2
       Meat ration       |       |       |     1 |     5 |       ||     6
